 Dungeon Crawl Stone Soup version 0.31-a0-175-g9f7f995f2b (webtiles) character file.

Game seed: 15486208190471768796

85 qw the Shooter (level 4, -2/28 HPs)
             Began as a Gargoyle Hunter on June 17, 2023.
             Slain by an orc wizard
             ... wielding a +0 dagger
              (4 damage)
             ... on level 3 of the Dungeon.
             The game lasted 00:00:43 (1657 turns).

qw the Shooter (Gargoyle Hunter)                    Turns: 1657, Time: 00:00:44

Health: -2/28      AC:  6    Str: 15    XL:     4   Next: 48%
Magic:  4/4        EV: 11    Int:  9    God:
Gold:   167        SH:  0    Dex: 15    Spells: 3/3 levels left

rFire   . . .        Y - +0 shortbow
rCold   . . .        (shield currently unavailable)
rNeg    + . .        c - +0 leather armour
rPois   inf          (no helmet)
rElec   +            (no cloak)
rCorr   +            (no gloves)
SInv    .            (no boots)
Will    .....        (no amulet)
Stlth   +            e - ring of resist corrosion
HPRegen 0.24/turn    (no ring)
MPRegen 0.09/turn

%: no passive effects
@: confused
A: sickness immunity, AC +3, negative energy resistance 1, electricity
resistance, torment resistance 1, petrification resistance, screaming 1
a: no special abilities


You were on level 3 of the Dungeon.
You visited 1 branch of the dungeon, and saw 3 of its levels.

You collected 167 gold pieces.


Innate Abilities, Weirdness & Mutations

You are immune to sickness and miasma.
Your stone body is resilient. (AC +3)
You are immune to poison.
You resist negative energy. (rN+)
You are resistant to electric shocks. (rElec)
You are resistant to unholy torment.
You are immune to petrification.
You occasionally shout uncontrollably at your foes.


   Skills:
 - Level 3.0 Fighting
 + Level 5.4 Ranged Weapons
 - Level 1.5 Dodging
 - Level 1.1 Stealth


You had 3 spell levels left.
You didn't know any spells.
Your spell library was empty.

Inventory:

Hand Weapons
 Y - a +0 shortbow (weapon)
Armour
 c - a +0 leather armour (worn)
Jewellery
 e - a ring of resist corrosion (left hand)
Scrolls
 a - a scroll of teleportation
Potions
 b - a potion of magic {unknown}
 d - a potion of resistance {unknown}
 f - a potion of degeneration {unknown}
 h - 2 potions of mutation
 i - a potion of might

Dungeon Overview and Level Annotations

Branches:
Dungeon (3/15)

Altars:

Shops:
D:1 [


Message History

The arrow hits the orc wizard.
The orc wizard is moderately wounded.
You shoot an arrow. The arrow hits the orc wizard.
The orc wizard is heavily wounded.
The orc wizard mumbles some strange words.
The orc wizard flickers and vanishes!
Deactivating autopickup; reactivate with Ctrl-A.
The orc wizard points at you and mumbles some strange words.
The magic dart hits you.
You shoot an arrow. The arrow hits the orc wizard.
The orc wizard is heavily wounded.
The orc wizard points at you and mumbles some strange words.
The magic dart hits you. Something hits you.
You shoot an arrow.
The arrow closely misses the orc wizard.
The orc wizard casts a spell.
The orc wizard flickers and vanishes!
You shoot an arrow. The arrow closely misses the orc.
The arrow hits the orc!
You kill the orc!
The orc hits you with a +0 mace.
You hear some strange, mumbled words.
Something tries to affect you, but you resist.
Something barely misses you.
You shoot an arrow. The arrow hits the orc.
The orc is almost dead.
The orc hits you with a +0 mace!
Something hits you but does no damage. x2
You shoot an arrow.
The arrow hits the orc but does no damage.
The orc is almost dead.
The orc closely misses you. Something hits you.
Something hits you but does no damage. Something hits you.
The orc hits you but does no damage.
You hear some strange, mumbled words.
You are confused.
Something hits you but does no damage. x2; The orc hits you but does no damage.
The orc barely misses you.
Something hits you but does no damage. x2
The orc hits you with a +0 mace. Something hits you.
Something hits you but does no damage. Something hits you but does no damage.
Something hits you.
You die...

.##.#.. .##.### .
.##.######### ##.
.##.......... ...
.....#######. ..#
.....#######. #.#
.....'....... #)#
.....###########o###
.....'.........{@{.#
.....###############
.....# .....# ######


You could see an orc.

Vanquished Creatures
  2 adders (D:2)
  2 worms
  4 orcs
  3 bats (D:1)
  5 endoplasms
  4 giant cockroaches
  8 goblins
  7 hobgoblins
  2 quokkas
  5 ball pythons
  5 frilled lizards
  3 kobolds
  4 rats
54 creatures vanquished.

Notes
Turn   | Place    | Note
-------+----------+-------------------------------------------
     0 | D:1      | qw the Gargoyle Hunter began the quest for the Orb.
     0 | D:1      | Reached XP level 1. HP: 12/12 MP: 1/1
     0 | D:1      | 0 ||| qw: Version: 0.3-a-2-g5ab2908
     0 | D:1      | 0 ||| qw: Game counter: 93
     0 | D:1      | 0 ||| qw: Always use a shield: true
     0 | D:1      | 0 ||| qw: God list: Okawaru
     0 | D:1      | 0 ||| qw: Allow faded altars: false
     0 | D:1      | 0 ||| qw: Do Orc after D:15 true
     0 | D:1      | 0 ||| qw: Do second Lair branch before Depths: true
     0 | D:1      | 0 ||| qw: Lair rune preference: random
     0 | D:1      | 0 ||| qw: Plans: Normal, Zot:1-4, Slime:5, God:TSO, Crypt,
                  | Tomb, Abyss, Pan, Hells, Win
     0 | D:1      | 0 ||| PLANNING D:1-11
    70 | D:1      | Reached XP level 2. HP: 17/17 MP: 2/2
   185 | D:1      | Found Ruff's Armour Shop.
   206 | D:1      | 206 ||| SHOPLISTING +0 cloak (63 gold, have 10).
   206 | D:1      | 206 ||| SHOPLISTING +0 ring mail (56 gold, have 10).
   206 | D:1      | 206 ||| SHOPLISTING +1 cloak (161 gold, have 10).
   206 | D:1      | 206 ||| SHOPLISTING +2 leather armour of fire resistance
                  | (266 gold, have 10).
   212 | D:1      | Found a faded altar of an unknown god.
   262 | D:1      | Reached XP level 3. HP: 20/21 MP: 3/3
   315 | D:1      | Reached skill level 5 in Ranged Weapons
   455 | D:1      | 455 ||| UPGRADING to ring of resist corrosion.
   456 | D:1      | 456 ||| READING scroll labelled XEANNEOCWAUTI.
   461 | D:1      | 461 ||| READING scroll labelled FOELED GONERCH.
   462 | D:1      | 462 ||| DROPPING scroll of butterflies.
   749 | D:2      | HP: 4/22 [orc/+0 flail (8)]
   850 | D:2      | Reached skill level 3 in Fighting
   860 | D:2      | Reached XP level 4. HP: 25/28 MP: 4/4
  1498 | D:2      | 1498 ||| READING scroll labelled TUTEAC JER URGH.
  1499 | D:2      | 1499 ||| READING scroll labelled CEOB GOLIOCECVAHO.
  1500 | D:2      | 1500 ||| DRINKING 2 clear potions.
  1500 | D:2      | Gained mutation: You occasionally shout uncontrollably at
                  | your foes. [potion of mutation]
  1501 | D:2      | 1501 ||| DRINKING 2 murky ruby potions.
  1656 | D:3      | HP: 5/28 [orc/+0 mace (4)]
  1656 | D:3      | HP: 2/28 [something (3)]
  1657 | D:3      | Slain by an orc wizard

Levels and vault maps discovered:
D:1:      wheals_arrival_shading, layout_basic, serial_shops,
          nicolae_shop_window_shopping, hellmonk_ecumenical_altar_heavens_door
D:2:      layout_basic, guppyfry_early_orc_mine
D:3:      minmay_wonky_spiral, layout_basic, mainiacjoe_overflow_alcove_4

Skill      XL: |  1  2  3 |
---------------+----------+-----
Ranged Weapons | 5 |  5.4
Fighting       | 3 |  3.0
Dodging        | |  1.5
Stealth        | |  1.1

Action                     |  1- 3 |  4- 6 || total
---------------------------+-------+-------++-------
   Fire: Shortbow          |   116 |    69 ||   185
    Use: Scroll            |     2 |     2 ||     4
         Potion            |       |     2 ||     2
 Armour: Leather armour    |    20 |    17 ||    37
  Dodge: Dodged            |    39 |    16 ||    55

Table legend:
 A = Non-vault XP
 B = Vault XP
 C = Vault XP percentage of total XP
 D = Non-vault monster count
 E = Vault monster count
 F = Vault count percentage of total count
                 A         B        C        D         E       F
            +---------+---------+-------+---------+---------+-------
      Total |     105 |      17 |  13.9 |      47 |       7 |  13.0
            +---------+---------+-------+---------+---------+-------
        D:1 |      44 |       0 |   0.0 |      28 |       0 |   0.0
        D:2 |      45 |      17 |  27.4 |      12 |       7 |  36.8
        D:3 |      16 |       0 |   0.0 |       7 |       0 |   0.0
            +---------+---------+-------+---------+---------+-------
